 Dungeon Crawl Stone Soup version 0.31-a0-965-g8a8ce12e04 (webtiles) character file.

Game seed: 7320452736577937080

27059 Shayle the Fighter (level 13, 0/145 HPs)
             Began as an Ogre Hexslinger on Oct 26, 2023.
             Was a Priest of Ashenzari.
             Slain by a catoblepas (22 damage)
             ... on level 3 of the Lair of Beasts.
             The game lasted 00:58:32 (18797 turns).

Shayle the Fighter (Ogre Hexslinger)               Turns: 18797, Time: 00:58:32

Health: 0/145      AC: 12    Str: 21    XL:     13   Next: 30%
Magic:  13/25      EV: 13    Int: 21    God:    Ashenzari [***...]
Gold:   1842       SH:  5    Dex: 11    Spells: 8/28 levels left

rFire   . . .        v - +7 mace "Babes" {flame, Int+3}
rCold   . . .        (no shield)
rNeg    . . .        S - +1 steam dragon scales
rPois   +            c - +2 hat "Per Aspera Ad Scientiam" {Alch, Melee} (curse)
rElec   .            P - +2 cloak {Will+}
rCorr   .            (gloves unavailable)
SInv    +            (boots unavailable)
Will    ++...        t - amulet "Astrological Ennui" {Reflect SH+5, Comp, Bglg} (curse)
Stlth   +            j - ring of Apeoromancy {rPois, Cun, Elem} (curse)
HPRegen 0.44/turn    n - ring of the Shattered Sun {Str+6, Self, Dev} (curse)
MPRegen 0.19/turn

%: reflection, clarity
@: no status effects
A: large, unfitting armour, tough skin 1
a: Renounce Religion, Curse Item, Shatter the Chains


You were on level 3 of the Lair of Beasts.
You worshipped Ashenzari.
Ashenzari was most pleased with you.
You visited 3 branches of the dungeon, and saw 16 of its levels.
You also visited: Bailey.

You collected 1982 gold pieces.
You spent 140 gold pieces at shops.

Inventory:

Hand Weapons
 a - a +1 sling
 u - a +5 demon trident
 v - the +7 mace "Babes" (weapon) {flame, Int+3}
   (You found it on level 4 of the Dungeon)

   Int+3:     It affects your intelligence (+3).
 K - a +3 quarterstaff of chaos
 Q - a +4 scimitar of freezing
Missiles
 s - 8 datura-tipped darts
 y - 9 large rocks (quivered)
 z - 5 silver javelins
 A - 2 throwing nets
 D - 4 curare-tipped darts
 F - 4 atropa-tipped darts
Armour
 c - the cursed +2 hat "Per Aspera Ad Scientiam" (worn) {Alch, Melee}
   (You found it on level 1 of the Lair of Beasts)

   It has a curse which improves the following skills: Alchemy: Poison Magic and
   Transmutations.
   Melee Combat: Short Blades, Long Blades, Axes, Maces & Flails, Polearms,
   Staves and Unarmed Combat.
 P - a +2 cloak of willpower (worn)
 S - +1 steam dragon scales (worn)
Jewellery
 j - the cursed ring of Apeoromancy (left hand) {rPois, Cun, Elem}
   (You found it on level 1 of the Dungeon)

   [ring of poison resistance]

   rPois:     It protects you from poison It has a curse which improves the
   following skills: Cunning: Dodging and Stealth.
   Elements:  Fire Magic, Ice Magic, Air Magic and Earth Magic.
 n - the cursed ring of the Shattered Sun (right hand) {Str+6, Self, Dev}
   (You found it on level 2 of the Dungeon)

   [ring of strength]

   Str+6:     It affects your strength (+6).
   It has a curse which improves the following skills: Introspection: Fighting
   and Spellcasting.
   Devices:   Evocations and Shapeshifting.
 o - a ring of protection from cold
 q - a +4 ring of slaying
 r - a ring of fire
 t - the cursed amulet "Astrological Ennui" (around neck) {Reflect SH+5, Comp, Bglg}
   (You found it on level 6 of the Dungeon)

   [amulet of reflection]

   Reflect:   It reflects blocked missile attacks.
   SH+5:      It affects your SH (+5).
   It has a curse which improves the following skills: Companions: Summonings
   and Necromancy.
   Beguiling: Conjurations, Hexes and Translocations.
 C - a +6 ring of intelligence
 V - a ring of willpower
Wands
 f - a wand of charming (6)
 G - a wand of polymorph (5)
 T - a wand of mindburst (2)
 W - a wand of roots (3)
Scrolls
 b - 6 scrolls of poison
 d - 6 scrolls of teleportation
 i - a scroll of amnesia
 k - 3 scrolls of fog
 l - 4 scrolls of enchant weapon
 m - 2 scrolls of vulnerability
 p - 2 scrolls of fear
 w - 2 scrolls of immolation
 B - 2 scrolls of silence
 E - 3 scrolls of revelation
 R - a scroll of blinking
 U - a scroll of brand weapon
Potions
 e - 5 potions of magic
 g - a potion of invisibility
 h - a potion of attraction
 x - 3 potions of haste
 H - 3 potions of lignification
 I - 2 potions of curing
 J - 3 potions of might
 L - a potion of berserk rage
 M - 2 potions of brilliance
 N - 2 potions of enlightenment
 O - 2 potions of mutation


   Skills:
 + Level 12.3(13.7) Fighting
 - Level 1.3 Ranged Weapons
 + Level 8.7(10.2) Dodging
 - Level 2.9 Shields
 - Level 7.0(8.5) Unarmed Combat
 + Level 6.6(8.1) Spellcasting
 - Level 3.0(4.3) Conjurations
 - Level 2.6(3.9) Hexes
 + Level 5.3(6.8) Summonings
 - Level 2.4(3.6) Necromancy
 - Level 4.2(5.6) Fire Magic
 + Level 5.0(6.5) Ice Magic
 - Level 4.4(5.9) Air Magic
 - Level 4.1(5.5) Earth Magic
 + Level 4.8(6.3) Poison Magic
 + Level 4.9(6.4) Shapeshifting


You had 8 spell levels left.
You knew the following spells:

 Your Spells              Type           Power      Damage    Failure   Level
a - Jinxbite              Hex            50%        N/A       2%          2
b - Call Imp              Summ           74%        N/A       1%          2
c - Mephitic Cloud        Conj/Pois/Air  31%        N/A       2%          3
d - Freezing Cloud        Conj/Ice/Air   16%        6-21      22%         5
e - Ignite Poison         Fire/Tmut/Pois 25%        N/A       4%          3
f - Summon Mana Viper     Hex/Summ       31%        N/A       24%         5

Your spell library contained the following spells:

 Spells                   Type           Power      Damage    Failure   Level
 Magic Dart               Conj           100%       1d8       1%          1
 Cigotuvi's Dreadful Rot  Necr/Pois/Air  60%        N/A       1%          2
 Ozocubu's Armour         Ice            35%        N/A       1%          3
 Inner Flame              Hex/Fire       28%        N/A       3%          3
 Sigil of Binding         Hex            25%        N/A       4%          3
 Summon Ice Beast         Ice/Summ       36%        N/A       4%          4
 Cause Fear               Hex            12%        N/A       16%         4
 Dimensional Bullseye     Hex/Tloc       8%         N/A       32%         4
 Monstrous Menagerie      Summ           18%        N/A       99%         7
 Ozocubu's Refrigeration  Ice            17%        4d11      99%         7


Dungeon Overview and Level Annotations

Branches:
Dungeon (12/15)            Temple (1/1) D:5            Lair (3/5) D:10
    Orc (0/2) D:10         Bailey (visited)
  Swamp: Lair:2-3    Shoals: Lair:2-3     Snake: Lair:2-3    Spider: Lair:2-3

Altars:
Ashenzari
Cheibriados
Dithmenos
Elyvilon
Fedhas
Gozag
Hepliaklqana
Kikubaaqudgha
Makhleb
Nemelex Xobeh
Okawaru
Qazlal
Ru
Sif Muna
Trog
Uskayaw
Vehumet
Wu Jian
Xom
Yredelemnul
Zin
The Shining One

Shops:
D:4 (!

Annotations:
D:6 exclusion: door
Lair:1 2 transporters


Innate Abilities, Weirdness & Mutations

You are too large for most types of armour.
You have tough skin. (AC +1)


Message History

The stinking cloud engulfs the catoblepas but does no damage.
The stinking cloud engulfs you but does no damage.
The catoblepas is engulfed in noxious fumes.
The catoblepas misses you.
You hit the catoblepas. You burn the catoblepas.
The catoblepas is lightly wounded.
The catoblepas is engulfed in noxious fumes.
The catoblepas gores you!!
The catoblepas is engulfed in noxious fumes.
The catoblepas gores you!!
Unknown command.
Okay, then.
Unknown command.
You feel better.
The catoblepas is engulfed in noxious fumes.
The catoblepas breathes a plume of calcifying dust at you.
The blast of calcifying dust hits you.
Unknown command.
The catoblepas is engulfed in noxious fumes.
The catoblepas gores you!!
* * * LOW HITPOINT WARNING * * *
Unknown command.
Okay, then.
Casting: Mephitic Cloud (mildly dangerous; 2% risk of failure)
Confirm with . or Enter, or press ? or * to list all spells.
A mana viper appears with a sibilant hiss.
The catoblepas is engulfed in noxious fumes.
The catoblepas gores you!!
* * * LOW HITPOINT WARNING * * *
You hear a croak.
You swap places.
Your mana viper bites the catoblepas but does no damage.
A cane toad comes into view.
Unknown command.
As you read the scroll of fear, it crumbles to dust.
You assume a fearsome visage.
The cane toad looks frightened!
The catoblepas looks frightened!
Your mana viper bites the catoblepas!!
Your mana viper's attack snaps the catoblepas out of its fear.
The catoblepas gores you!!
You die...

##### #######
P)###...###...#.#####
....................#
..##...P.P#..###..##
#....######.##..#
....#...#####.###..#
... #...F.'°...###.##
.. #....##..S.###..#
#....##.§Y@##...#
#...#####.####.##
#....# ###.##.†#
##...####P#...#.#
...............#
.......>........#
..............#
..............#
.....#....###.#


You could see a catoblepas (ally target), a cane toad (fleeing) and a friendly
mana viper (summoned).

Vanquished Creatures
  Josephine (D:10)
  3 two-headed ogres
  Urug (Lair:1)
  A nameless horror (Lair:3)
  An orc knight (Bailey)
  2 ugly things
  14 elephants
  3 cane toads
  A gargoyle (D:11)
  An unseen horror (D:11)
  3 komodo dragons
  2 trolls
  2 hornets
  Grinder (D:3)
  10 blink frogs
  Sigmund (D:4)
  4 shadows
  5 wyverns
  16 yaks
  6 wraiths
  2 basilisks (Lair:1)
  3 steam dragons
  5 vampire mosquitoes
  The ghost of justen the Changeling, an amateur DrSh of Ru (D:4)
  4 water moccasins
  10 orc warriors
  5 ogres
  3 black bears
  5 wolves
  A phantom (D:4)
  9 kobold brigands
  14 bullfrogs
  2 gnoll sergeants (D:10)
  3 scorpions
  8 wights
  8 howler monkeys
  3 jellies
  7 orc priests
  2 gnoll boudas
  A hound (D:5)
  Crazy Yiuf (D:6)
  A sleepcap (D:7)
  Jessica (D:3)
  3 iguanas
  6 orc wizards
  A hound skeleton (D:2)
  Robin (D:3)
  8 gnolls
  8 adders
  A shadow imp (D:6)
  3 white imps
  2 adder skeletons (D:2)
  A worm (D:2)
  2 dart slugs
  37 orcs
  7 ball pythons
  2 bat skeletons (D:2)
  A bat zombie (D:2)
  9 endoplasms
  A giant cockroach (D:1)
  21 goblins
  6 hobgoblins
  4 jackals (D:3)
  26 kobolds
  4 quokkas
  3 training dummies (D:4)
  2 ball python zombies (D:2)
  3 bats
  2 frilled lizards
  A quokka skeleton (D:2)
  A rat (D:2)
343 creatures vanquished.

Vanquished Creatures (collateral kills)
  A cane toad (Lair:2)
  A hornet (D:9)
  A blink frog (Lair:2)
  A basilisk (Lair:2)
  A wolf (Lair:2)
  A gnoll (D:9)
6 creatures vanquished.

Vanquished Creatures (others)
  A human (D:3)
1 creature vanquished.

Grand Total: 350 creatures vanquished

Notes
Turn   | Place    | Note
-------+----------+-------------------------------------------
     0 | D:1      | Shayle the Ogre Hexslinger began the quest for the Orb.
     0 | D:1      | Reached XP level 1. HP: 19/19 MP: 2/2
   251 | D:1      | Reached XP level 2. HP: 28/28 MP: 3/3
   258 | D:1      | Reached skill level 2 in Fighting
   943 | D:2      | Reached skill level 1 in Unarmed Combat
   952 | D:2      | Reached XP level 3. HP: 28/36 MP: 4/4
   955 | D:2      | Learned a level 2 spell: Jinxbite
  1311 | D:2      | Reached skill level 3 in Fighting
  1311 | D:2      | Reached XP level 4. HP: 44/45 MP: 3/5
  1705 | D:3      | Noticed Grinder
  1723 | D:3      | Killed Grinder
  1724 | D:3      | Reached skill level 4 in Fighting
  1724 | D:3      | Reached XP level 5. HP: 28/55 MP: 0/6
  1724 | D:3      | Reached XP level 6. HP: 33/63 MP: 0/7
  2050 | D:3      | Noticed Robin
  2122 | D:4      | Reached skill level 5 in Fighting
  2342 | D:4      | Found a runed translucent door.
  2343 | D:4      | Noticed a water moccasin
  2344 | D:4      | Noticed justen's ghost (amateur DrSh)
  2646 | D:4      | Found Bytol's Distillery.
  2655 | D:4      | Bought a potion of ambrosia for 80 gold pieces
  2655 | D:4      | Bought a potion of curing for 30 gold pieces
  2655 | D:4      | Bought a potion of lignification for 30 gold pieces
  2691 | D:4      | Reached XP level 7. HP: 38/72 MP: 5/8
  2830 | D:4      | Found Etuonas's Firing Range.
  2870 | D:4      | Noticed Sigmund
  2883 | D:4      | Killed Sigmund
  2884 | D:4      | Reached skill level 6 in Fighting
  3505 | D:4      | Killed justen's ghost
  3510 | D:4      | Reached XP level 8. HP: 54/84 MP: 1/9
  3511 | D:4      | Identified the +7 mace "Babes" {flame, Int+3}
  3623 | D:5      | Entered Level 5 of the Dungeon
  3633 | D:4      | Reached skill level 5 in Dodging
  3636 | D:4      | Reached skill level 7 in Fighting
  4216 | D:5      | Reached skill level 5 in Unarmed Combat
  4591 | D:5      | Found a staircase to the Ecumenical Temple.
  4600 | Temple   | Entered the Ecumenical Temple
  4613 | Temple   | Became a worshipper of Ashenzari the Shackled
  4751 | D:6      | Reached skill level 8 in Fighting
  5075 | D:6      | Noticed a wyvern
  5083 | D:6      | Killed a wyvern
  5084 | D:6      | Reached skill level 1 in Fire Magic
  5244 | D:6      | Found a runed translucent door.
  5245 | D:6      | Noticed Crazy Yiuf
  5362 | D:6      | Reached XP level 9. HP: 89/97 MP: 10/10
  5406 | D:6      | Reached skill level 1 in Shields
  5406 | D:6      | Reached skill level 1 in Air Magic
  5406 | D:6      | Reached skill level 1 in Earth Magic
  5961 | D:7      | Found a flagged portal.
  5985 | Bailey   | Entered a bailey
  5990 | Bailey   | Reached * piety under Ashenzari
  6365 | Bailey   | Noticed an orc knight
  6372 | Bailey   | Killed an orc knight
  6373 | Bailey   | Reached skill level 9 in Fighting
  6497 | Bailey   | Found a bloodstained altar of Trog.
  6710 | D:7      | Reached XP level 10. HP: 55/107 MP: 9/11
  7096 | D:8      | Reached ** piety under Ashenzari
  7105 | D:8      | Found an opulent altar of Gozag.
  7372 | D:8      | Noticed a two-headed ogre
  7392 | D:8      | Killed a two-headed ogre
  7393 | D:8      | Reached skill level 1 in Conjurations
  7393 | D:8      | Reached skill level 1 in Summonings
  8581 | D:3      | Killed Robin
  8835 | D:3      | Noticed Jessica
  8839 | D:3      | Killed Jessica
  9043 | D:3      | Found an ancient bone altar of Kikubaaqudgha.
  9133 | D:3      | Learned a level 2 spell: Call Imp
  9137 | D:3      | Learned a level 3 spell: Mephitic Cloud
  9143 | D:3      | Learned a level 5 spell: Freezing Cloud
  9363 | D:6      | Killed Crazy Yiuf
 10790 | D:9      | Found a stormy altar of Qazlal.
 10805 | D:9      | Reached skill level 1 in Necromancy
 10934 | D:9      | Reached skill level 1 in Ice Magic
 10934 | D:9      | Reached skill level 1 in Shapeshifting
 10940 | D:9      | Reached skill level 1 in Poison Magic
 11251 | D:9      | Reached skill level 10 in Fighting
 11394 | D:10     | Entered Level 10 of the Dungeon
 11410 | D:10     | Reached XP level 11. HP: 102/120 MP: 15/17
 11794 | D:11     | Noticed a purple ugly thing
 11934 | D:10     | Found a staircase to the Orcish Mines.
 12210 | D:10     | Identified the +0 buckler "Vin Ukypn" {rCorr}
 12504 | D:10     | Noticed Josephine
 12516 | D:10     | Killed Josephine
 12744 | D:10     | Learned a level 3 spell: Ignite Poison
 12873 | D:10     | Found a staircase to the Lair.
 12889 | D:12     | Identified the of Celezoid
 12889 | Lair:1   | Entered Level 1 of the Lair of Beasts
 13490 | Lair:1   | Found a transporter.
 14163 | D:11     | Killed a purple ugly thing
 14164 | D:11     | Reached XP level 12. HP: 107/132 MP: 12/20
 14486 | D:11     | Reached skill level 11 in Fighting
 14908 | D:11     | Noticed a two-headed ogre
 14923 | D:11     | Killed a two-headed ogre
 15267 | D:12     | Noticed a two-headed ogre
 15287 | D:12     | Reached skill level 5 in Spellcasting
 15321 | D:12     | Killed a two-headed ogre
 16189 | Lair:1   | Found a transporter.
 16189 | Lair:1   | Noticed a boulder beetle
 16189 | Lair:1   | Noticed a boulder beetle
 16306 | Lair:1   | Noticed Urug
 16320 | Lair:1   | Killed Urug
 16550 | Lair:1   | Reached *** piety under Ashenzari
 17213 | Lair:1   | Learned a level 5 spell: Summon Mana Viper
 17598 | Lair:2   | Reached XP level 13. HP: 108/144 MP: 4/24
 17902 | Lair:2   | Reached skill level 12 in Fighting
 18010 | Lair:2   | Identified a scroll of acquirement
 18018 | Lair:2   | Acquired 764 gold pieces
 18181 | Lair:3   | Reached skill level 5 in Summonings
 18464 | Lair:3   | Reached skill level 5 in Ice Magic
 18797 | Lair:3   | Slain by a catoblepas

Illustrated notes

Levels and vault maps discovered:
D:1:      co_arrival_two_rings, layout_basic, interstate_on_off
D:2:      layout_rooms, serial_undead, serial_undead_e, serial_undead_d,
          serial_undead_b, serial_undead_f, serial_undead_c, serial_undead_f,
          serial_undead_b, serial_undead_a, st_stairs_1
D:3:      layout_basic, tgw_kikubaaqudgha, minmay_cupped, uniq_jessica,
          uniq_robin, uniq_grinder
D:4:      layout_cave_pods, serial_shops, nicolae_shop_tiny_glass,
          ebering_ghost_inner_flame, nicolae_shop_firing_range, uniq_sigmund
D:5:      layout_gridville, temple_hall, nicolae_zen_rock_garden,
          minmay_ogre_servants
D:6:      cheibrodos_two_vegetables, layout_gridville, hangedman_decor_push,
          uniq_crazy_yiuf_cottage
D:7:      layout_loops_ring, enter_bailey_6
D:8:      minmay_goldmine, layout_loops_corners, grunt_gozag_statues,
          kennysheep_small_square
D:9:      layout_rooms, mainiacjoe_overflow_paths
D:10:     layout_basic, grunt_lair_entry_orc_guard_hut,
          kennysheep_orc_monster_closet_entryway, minmay_misc_feat_tower,
          uniq_josephine
D:11:     layout_layer_cave
D:12:     layout_rooms, nicolae_qazlal_general_emergency
Temple:   compressed_dpeg_triangle_lava_temple
Lair:1:   gammafunk_boulding_lane, layout_cellular_growth,
          eino_small_chamber_without_monster, grunt_megastairs_4,
          infiniplex_staircase_pool_2, uniq_urug
Lair:2:   layout_hall_layers, grunt_megastairs_3, lemuel_fruit_fields
Lair:3:   layout_regular_city, minmay_shoals_entry_lonely_mermaid,
          spider_nest_entry_a, minivault_25, disabler_island

Skill      XL: |  1  2  3  4  5  6  7  8  9 10 11 12 13 |
---------------+----------------------------------------+-----
Dodging        | 2 3 4 5 6 7 8 |  8.7
Fighting       | 2 3 4 5 6 8 9 10 11 12 | 12.3
Unarmed Combat | 1 2 3 4 5 6 7 |  7.0
Fire Magic     | 1 2 3 4 |  4.2
Shields        | 2 |  2.9
Air Magic      | 2 3 4 |  4.4
Earth Magic    | 2 3 4 |  4.1
Spellcasting   | 3 4 6 |  6.6
Conjurations   | 2 3 |  3.0
Summonings     | 2 3 4 5 |  5.3
Necromancy     | 1 2 |  2.4
Ice Magic      | 1 2 4 5 |  5.0
Shapeshifting  | 1 2 4 |  4.9
Poison Magic   | 1 2 4 |  4.8
Ranged Weapons | |  1.3
Hexes          | |  2.6

Action                     |  1- 3 |  4- 6 |  7- 9 | 10-12 | 13-15 || total
---------------------------+-------+-------+-------+-------+-------++-------
  Melee: Unarmed           |       |   135 |    62 |       |       ||   197
         Punch             |       |     1 |     8 |    25 |     2 ||    36
         Mace              |       |       |   134 |   551 |    64 ||   749
   Fire: Sling             |   107 |    28 |       |       |       ||   135
  Throw: Throwing net      |       |       |     1 |     2 |       ||     3
         Large rock        |       |       |     1 |     1 |       ||     2
         Dart              |       |       |     2 |     3 |       ||     5
   Cast: Jinxbite          |     4 |    12 |    26 |    74 |     4 ||   120
         Call Imp          |       |       |       |    11 |       ||    11
         Mephitic Cloud    |       |       |       |    50 |    13 ||    63
         Ignite Poison     |       |       |       |    18 |     6 ||    24
         Freezing Cloud    |       |       |       |     5 |       ||     5
         Summon Mana Viper |       |       |       |     2 |     3 ||     5
 Invoke: Curse Item        |       |       |     2 |     2 |       ||     4
  Evoke: Wand              |       |       |       |     5 |     1 ||     6
    Use: Potion            |       |     6 |     2 |     3 |     1 ||    12
         Scroll            |       |     1 |     2 |     8 |     2 ||    13
   Stab: Sleeping          |       |       |     1 |     1 |       ||     2
         Confused          |       |       |       |    10 |       ||    10
 Armour: Robe              |    41 |   158 |   130 |   134 |       ||   463
         Skin              |       |       |    62 |       |       ||    62
         Steam dragon scal |       |       |       |   413 |    69 ||   482
  Dodge: Dodged            |    21 |   121 |   124 |   448 |    56 ||   770
  Block: Other             |       |       |    36 |   174 |    15 ||   225
         Reflection        |       |       |     1 |     4 |       ||     5

Table legend: (Time is in decaauts)
 A = Elapsed time spent in this place.
 B = Non-inter-level travel time spent in this place.
 C = Inter-level travel time spent in this place.
 D = Time resting spent in this place.
 E = Time spent auto-exploring this place.
 F = Levels seen in this place.
 G = Mean time per level.
                   A        B        C        D        E       F      G
               +--------+--------+--------+--------+--------+-----+--------+
         Total |  19183 |  18118 |   1065 |   4538 |   9454 |  17 | 1128.4 |
       Dungeon |  14930 |  14009 |    921 |   3014 |   7882 |  12 | 1244.2 |
        Temple |     26 |     26 |      0 |      0 |      0 |   1 |   26.0 |
          Lair |   3665 |   3522 |    143 |   1149 |   1572 |   3 | 1221.7 |
        Bailey |    560 |    560 |      0 |    375 |      0 |   1 |  560.0 |
               +--------+--------+--------+--------+--------+-----+--------+

Top non-repeatable levels by time:
    D:10: 2607 daAuts
  Lair:1: 2320 daAuts
     D:8: 1696 daAuts
     D:4: 1649 daAuts
     D:6: 1571 daAuts
     D:3: 1290 daAuts
     D:9: 1199 daAuts
    D:11: 1180 daAuts
     D:5: 1054 daAuts
     D:7: 965 daAuts
     D:1: 952 daAuts
  Lair:2: 771 daAuts
     D:2: 706 daAuts
  Lair:3: 573 daAuts
  Bailey: 560 daAuts
